 Dungeon Crawl Stone Soup version 0.19.0-23-gf02e663 (webtiles) character file.

74 RKaid the Chopper (level 4, -2/58 HPs)
             Began as a Minotaur Berserker on Nov 19, 2016.
             Was a Believer of Trog.
             Slain by a gnoll
             ... wielding a +0 spear
              (6 damage)
             ... on level 2 of the Dungeon.
             The game lasted 00:00:55 (582 turns).

RKaid the Chopper (Minotaur Berserker)               Turns: 582, Time: 00:00:56

Health: -2/58      AC:  2    Str: 28    XL:     4   Next: 10%
Magic:  3/3        EV: 12    Int:  4    God:    Trog [**....]
Gold:   43         SH:  0    Dex:  9    Spells: 0 memorised, 3 levels left

rFire  . . .     SeeInvis .     a - +0 hand axe
rCold  . . .     Gourm    .     b - +0 animal skin
rNeg   . . .     Faith    .     (no shield)
rPois  .         Spirit   .     (helmet restricted)
rElec  .         Reflect  .     (no cloak)
rCorr  .         Harm     .     (no gloves)
MR     .....                    (no boots)
Stlth  ..........               (no amulet)
                                (no ring)
                                (no ring)

@: berserking (expiring), very quick
A: retaliatory headbutt, horns 2
a: Berserk, Trog's Hand, Burn Spellbooks, Renounce Religion


You were on level 2 of the Dungeon.
You worshipped Trog.
Trog was pleased with you.
You were not hungry.

You visited 1 branch of the dungeon, and saw 2 of its levels.

You collected 43 gold pieces.

Inventory:

Hand Weapons
 a - a +0 hand axe (weapon)
Armour
 b - a +0 animal skin (worn)
Scrolls
 f - a scroll of remove curse {unknown}
 g - a scroll of random uselessness {unknown}
Potions
 e - a potion of resistance {unknown}
Comestibles
 c - 2 bread rations
 d - 5 chunks of flesh


   Skills:
 - Level 3.6 Fighting
 + Level 6.0 Axes
 - Level 2.4 Armour
 - Level 2.1 Dodging


You had 3 spell levels left.
You didn't know any spells.

Dungeon Overview and Level Annotations

Branches:
Dungeon (2/15)

Altars:

Annotations:
D:1 I HATE THIS GAME SO MUCH


Innate Abilities, Weirdness & Mutations

You reflexively headbutt those who attack you in melee.
You have a pair of horns on your head.


Message History

Done exploring.
Done exploring.
Done exploring.
Done exploring.
Done exploring.
No target in view!
There is a stone staircase leading down here.
You climb downwards.
There is a stone staircase leading up here.
A worm comes into view.
You hit the worm.
You headbutt the worm, but do no damage.
The worm bites you but does no damage.
You hit the worm. The worm bites you.
You barely miss the worm. You completely miss the worm. The worm bites you.
You slash the worm!
You kill the worm!
Trog accepts your kill.
No target in view!
No target in view!
No target in view!
No target in view!
No target in view!
No target in view!
No target in view!
No target in view!
No target in view!
No target in view!
No target in view!
No target in view!
No target in view!
No target in view!
You butcher the worm corpse.
d - 5 chunks of flesh (gained 1)
You see here a ring mail.
You open the door. 2 worms and a gnoll come into view.
The gnoll shouts!
A gnoll comes into view. It is wielding a club.
There are monsters nearby!
There are monsters nearby!
There are monsters nearby!
There are monsters nearby!
A red film seems to cover your vision as you go berserk!
You feel yourself moving faster!
You feel mighty!
You feel a lot more hungry.
The gnoll shouts!
The gnoll moves out of view.
A hobgoblin and a gnoll come into view.
You completely miss the worm.
The gnoll shouts!
You headbutt the worm. The worm bites you.
A gnoll and Terence come into view.
Terence shouts!
The gnoll shouts!
You hit the worm. You headbutt the worm!
You kill the worm!
Trog accepts your kill.
Your Axes skill increases to level 5!
There is an open door here.
You feel a strong urge to attack something.
The gnoll closely misses you.
The hobgoblin hits you but does no damage.
You closely miss the gnoll. You headbutt the gnoll! You hit the hobgoblin.
You closely miss the hobgoblin. You hit the gnoll. The gnoll misses you.
The hobgoblin closely misses you.
You closely miss the hobgoblin. You hit the gnoll.
You kill the gnoll!
Trog accepts your kill.
You can now call upon Trog for regeneration and protection from hostile enchantments.
You have reached level 3!
Your experience leads to an increase in your attributes!
Your base attributes are Str 21, Int 4, Dex 9.
Increase (S)trength, (I)ntelligence, or (D)exterity?
You feel stronger.
You slash the worm! Terence misses you. The hobgoblin hits you.
You slash the worm!
You kill the worm!
Trog accepts your kill.
You slash the gnoll! You hit the hobgoblin.
You kill the hobgoblin!
Trog accepts your kill. The gnoll hits you but does no damage.
The gnoll closely misses you. Terence hits you with a trident!
You closely miss Terence. Your headbutt misses Terence. You hit the gnoll.
You kill the gnoll!
Trog accepts your kill.
You closely miss the gnoll. The gnoll barely misses you.
The gnoll hits you with a whip. Terence hits you with a trident!
* * * LOW HITPOINT WARNING * * *
You barely miss Terence. You headbutt Terence! You slash the gnoll!
The gnoll completely misses you. The gnoll barely misses you.
You slash Terence!
You kill Terence!
Trog accepts your kill.
Your Axes skill increases to level 6!
You have reached level 4!
You feel stronger.
You barely miss the gnoll.
The gnoll hits you from afar with a spear.
You die...

#.# ... #.# #.#
#[# #.# #.# # #.#
########.### #.#
...........
#.#########...?..#
#.........'.@)...#
###########)g....+
#..g...# +......+
#......# #.....!#
.......# .......#


You could see 2 gnolls.

Vanquished Creatures
  Terence (D:2)
  2 gnolls (D:2)
  3 worms (D:2)
  3 bats (D:1)
  A giant cockroach (D:1)
  2 goblins (D:1)
  2 hobgoblins
  3 jackals (D:1)
  2 kobolds (D:1)
  5 rats (D:1)
24 creatures vanquished.

Notes
Turn   | Place    | Note
-------+----------+-------------------------------------------
     0 | D:1      | RKaid the Minotaur Berserker began the quest for the Orb.
     0 | D:1      | Reached XP level 1. HP: 19/19 MP: 0/0
    47 | D:1      | Reached skill level 4 in Axes
   192 | D:1      | Reached XP level 2. HP: 26/26 MP: 1/1
   572 | D:2      | Noticed Terence
   572 | D:2      | Reached skill level 5 in Axes
   577 | D:2      | Reached ** piety under Trog
   577 | D:2      | Reached XP level 3. HP: 31/31 MP: 2/2
   580 | D:2      | HP: 3/46 [Terence/trident (12)]
   582 | D:2      | Killed Terence
   582 | D:2      | Reached skill level 6 in Axes
   582 | D:2      | Reached XP level 4. HP: 4/39 MP: 3/3
   582 | D:2      | Slain by a gnoll

Skill      XL: |  1  2  3 |
---------------+----------+-----
Axes           | 4 5 6 |  6.0
Fighting       | |  3.6
Armour         | |  2.4
Dodging        | |  2.1

Action                   |  1- 3 |  4- 6 || total
-------------------------+-------+-------++-------
Melee: Hand axe          |    55 |       ||    55
       Headbutt          |     6 |       ||     6
Invok: Berserk           |     1 |       ||     1
Armor: Animal skin       |    16 |       ||    16
Dodge: Dodged            |    37 |       ||    37

Vault maps used:
D:1:      saegor_arrival_simple_f
D:2:      lemuel_coloured_pillars_altar, uniq_robin, uniq_terence

Table legend:
 A = Turns spent in this place as a percentage of turns spent in the entire game.
 B = Non-inter-level travel turns spent in this place as a percentage of non-inter-level travel turns spent in the entire game.
 C = Inter-level travel turns spent in this place as a percentage of turns spent in this place.
 D = Turns resting spent in this place as a percentage of non-inter-level travel turns spent in this place.
 E = Turns spent auto-exploring this place as a percentage of non-inter-level travel turns spent in this place.
 F = Non-inter-level travel turns spent in this place divided by the number of levels of this place that you've seen.
                   A       B       C       D       E      F
               +-------+-------+-------+-------+-------+----------------------
         Total | 100.0 | 100.0 |   0.4 |   0.0 |  12.1 | 116.0
       Dungeon | 100.0 | 100.0 |   0.4 |   0.0 |  12.1 | 116.0
               +-------+-------+-------+-------+-------+----------------------

Table legend:
 A = Kills in this place as a percentage of kills in entire the game.
 B = Kills by you in this place as a percentage of kills by you in the entire game.
 C = Kills by friends in this place as a percentage of kills by friends in the entire game.
 D = Other kills in this place as a percentage of other kills in the entire game.
 E = Experience gained in this place as a percentage of experience gained in the entire game.
 F = Experience gained in this place divided by the number of levels of this place that you have seen.
                   A       B       C       D       E      F
               +-------+-------+-------+-------+-------+----------------------
         Total | 100.0 | 100.0 |  -nan |  -nan | 100.0 |  53.5
       Dungeon | 100.0 | 100.0 |  -nan |  -nan | 100.0 |  53.5
               +-------+-------+-------+-------+-------+----------------------
